 Dungeon Crawl Stone Soup version 0.28-a0-1485-g077359a4bf (webtiles) character file.

Game seed: 7339316166518685141

1807 funkygono the Firebug (level 9, -9/66 HPs)
             Began as a Human Cinder Acolyte on Jan 11, 2022.
             Was an Initiate of Ignis.
             Mangled by a hornet zombie (11 damage)
             ... on level 6 of the Dungeon.
             The game lasted 00:08:44 (5617 turns).

funkygono the Firebug (Human Cinder Acolyte)        Turns: 5617, Time: 00:08:45

Health: -9/66      AC:  9    Str: 18    XL:     9   Next: 31%
Magic:  16/17      EV: 10    Int: 16    God:    Ignis [......]
Gold:   238        SH:  5    Dex:  8    Spells: 16/18 levels left

rFire   + . .      SeeInvis .   a - +0 falchion (flame)
rCold   . . .      Faith    .   (no shield)
rNeg    . . .      Spirit   .   o - +0 scale mail
rPois   .          Reflect  +   (no helmet)
rElec   .          Harm     .   (no cloak)
rCorr   .          Rampage  .   d - +1 pair of gloves
Will    +....                   (no boots)
Stlth   ..........              n - amulet of reflection
HPRegen 0.21/turn               c - ring of flight
MPRegen 0.15/turn               f - ring of willpower

@: flying
A: no striking features
a: Renounce Religion, Rising Flame


You were on level 6 of the Dungeon.
You worshipped Ignis.
Ignis was noncommittal.
You visited 1 branch of the dungeon, and saw 6 of its levels.

You collected 238 gold pieces.

Inventory:

Hand Weapons
 a - a +0 falchion of flaming (weapon)
 g - the +8 whip of Lesacoh {venom, Str+5 Dex+5 Stlth-}
   (You found it on level 2 of the Dungeon)

   It poisons the flesh of those it strikes.
   Str:       It affects your strength (+5).
   Dex:       It affects your dexterity (+5).
   Stlth:     It makes you less stealthy.
Armour
 b - a +0 robe
 d - a +1 pair of gloves (worn)
 o - a +0 scale mail (worn)
 r - an orb of energy
 u - a +0 chain mail
Jewellery
 c - a ring of flight (left hand)
 f - a ring of willpower (right hand)
 n - an amulet of reflection (around neck)
Wands
 e - a wand of charming (13)
 h - a wand of polymorph (6)
 m - a wand of flame (19)
 s - a wand of mindburst (19)
Potions
 i - 2 potions of brilliance {unknown}
 j - 3 potions of flight
 k - 2 potions of curing {unknown}
 l - 3 potions of mutation
 p - a potion of lignification {unknown}
 q - a potion of cancellation {unknown}


   Skills:
 + Level 4.5 Fighting
 + Level 6.1 Long Blades
 + Level 3.6 Armour
 + Level 2.9 Dodging
 + Level 0.9 Shields
 + Level 5.3 Spellcasting
 + Level 6.2 Fire Magic


You had 16 spell levels left.
You knew the following spells:

 Your Spells              Type           Power      Damage    Failure   Level
a - Scorch                Fire           48%        2d7       5%          2

Your spell library contained the following spells:

 Spells                   Type           Power      Damage    Failure   Level
 Conjure Flame            Conj/Fire      14%        6-21      36%         3
 Ignite Poison            Fire/Tmut/Pois 10%        N/A       52%         3
 Sticky Flame             Conj/Fire      14%        2d4       77%         4
 Dazzling Flash           Conj/Hex       8%         N/A       80%         3
 Summon Guardian Golem    Hex/Summ       4%         N/A       80%         3
 Iskenderun's Mystic Bla  Conj/Tloc      4%         2d3       99%         4
 Starburst                Conj/Fire      7%         6d4       100%        6
 Orb of Destruction       Conj           2%         9d1       100%        7
 Spellforged Servitor     Conj/Summ      2%         N/A       100%        7


Dungeon Overview and Level Annotations

Branches:
Dungeon (6/15)             Temple (0/1) D:4

Altars:
Ashenzari
Gozag
Hepliaklqana
Makhleb
Nemelex Xobeh
Trog

Shops:
D:2 *


Message History

The hornet zombie hits you but does no damage.
You block the hornet zombie's attack.
You hit the hornet zombie. You burn the hornet zombie.
The hornet zombie is moderately damaged.
The hornet zombie closely misses you.
You hit the hornet zombie but do no damage.
The hornet zombie is moderately damaged.
The hornet zombie is no longer more vulnerable to fire.
The hornet zombie hits you!
You slash the hornet zombie! You burn the hornet zombie.
The hornet zombie is heavily damaged.
You block the hornet zombie's attack. The hornet zombie hits you.
* * * LOW HITPOINT WARNING * * *
Okay, then.
You hit the hornet zombie. You burn the hornet zombie.
The hornet zombie is heavily damaged.
The hornet zombie closely misses you.
You hit the hornet zombie. You burn the hornet zombie.
The hornet zombie is severely damaged.
The hornet zombie closely misses you.
You slash the hornet zombie! You burn the hornet zombie.
The hornet zombie is almost destroyed.
The hornet zombie hits you but does no damage.
The hornet zombie barely misses you.
You hit the hornet zombie but do no damage.
The hornet zombie is almost destroyed.
The hornet zombie hits you!
* * * LOW HITPOINT WARNING * * *
You hit the hornet zombie. You burn the hornet zombie.
The hornet zombie is almost destroyed.
The hornet zombie hits you.
* * * LOW HITPOINT WARNING * * *
You hit the hornet zombie but do no damage.
The hornet zombie is almost destroyed.
The hornet zombie barely misses you.
Unknown command.
It was a potion of flight.
You feel more buoyant. The hornet zombie hits you!
You die...

#.# #.#.#
#.# #.#<#
#.# #.#.#
#.# #.#.#
#.#####
#.#.
#....)# #.#
####..# #.#
#.#########
###
#.[@Z......
#8)###8)###
#### #


You could see a hornet zombie.

Vanquished Creatures
  Grinder (D:3)
  A steam dragon (D:6)
  Menkaure (D:4)
  A water moccasin (D:6)
  Duvessa (D:5)
  A sky beast (D:6)
  A black bear (D:5)
  2 necrophages
  An ogre (D:4)
  A phantom (D:4)
  3 scorpions
  Dowan (D:5)
  2 hounds
  2 jellies (D:6)
  2 bullfrog skeletons (D:5)
  2 iguanas (D:4)
  2 orc wizards
  A hound skeleton (D:4)
  6 adders
  A white imp (D:5)
  3 dart slugs
  7 orcs
  7 endoplasms
  7 giant cockroaches
  7 goblins
  3 hobgoblins
  3 jackals (D:5)
  4 quokkas (D:3)
  9 ball pythons
  5 bats
  4 frilled lizards
  8 kobolds
  4 rats
104 creatures vanquished.

Vanquished Creatures (others)
  4 fungi (D:1)
  2 plants (D:1)
6 creatures vanquished.

Grand Total: 110 creatures vanquished

Notes
Turn   | Place    | Note
-------+----------+-------------------------------------------
     0 | D:1      | funkygono the Human Cinder Acolyte began the quest for the
                  | Orb.
     0 | D:1      | Reached XP level 1. HP: 18/18 MP: 2/2
   181 | D:1      | Reached XP level 2. HP: 24/24 MP: 3/3
   400 | D:1      | Found a faded altar of an unknown god.
   555 | D:1      | Reached XP level 3. HP: 25/29 MP: 4/4
   854 | D:1      | Learned a level 2 spell: Scorch
   933 | D:2      | Found Ocraser's Assorted Antiques.
  1050 | D:2      | Identified the +8 whip of Lesacoh {venom, Str+5 Dex+5
                  | Stlth-}
  1066 | D:2      | Found a burning altar of Makhleb.
  1622 | D:3      | Reached XP level 4. HP: 35/35 MP: 2/5
  1880 | D:3      | Noticed Grinder
  1892 | D:3      | Paralysed by Grinder for 2 turns
  1898 | D:3      | Paralysed by Grinder for 5 turns
  1899 | D:3      | Killed Grinder
  1900 | D:3      | Reached skill level 1 in Dodging
  1900 | D:3      | Reached XP level 5. HP: 27/42 MP: 2/8
  1900 | D:3      | Reached XP level 6. HP: 31/48 MP: 2/9
  2411 | D:3      | Found a bloodstained altar of Trog.
  2822 | D:4      | Found a sparkling altar of Nemelex Xobeh.
  2843 | D:4      | Found a broken altar of Ashenzari.
  2860 | D:4      | Reached XP level 7. HP: 53/53 MP: 2/10
  2991 | D:4      | Found a hazy altar of Hepliaklqana.
  3060 | D:4      | Found an opulent altar of Gozag.
  3101 | D:4      | Found a staircase to the Ecumenical Temple.
  3107 | D:4      | Reached skill level 5 in Long Blades
  3439 | D:4      | Reached skill level 1 in Armour
  3741 | D:4      | Noticed Menkaure
  3746 | D:4      | Killed Menkaure
  3747 | D:4      | Reached skill level 5 in Fire Magic
  3747 | D:4      | Reached XP level 8. HP: 48/60 MP: 7/13
  3869 | D:5      | Entered Level 5 of the Dungeon
  3869 | D:5      | Noticed Dowan
  4014 | D:5      | Noticed Duvessa
  4182 | D:5      | Killed Duvessa
  4186 | D:5      | Killed Dowan
  4999 | D:5      | Reached XP level 9. HP: 40/66 MP: 8/16
  5427 | D:6      | Reached skill level 5 in Spellcasting
  5615 | D:6      | HP: 1/66 [hornet zombie (6)]
  5617 | D:6      | Mangled by a hornet zombie

Illustrated notes

Levels and vault maps discovered:
D:1:      noname_arrival_rooms_in_the_neighbourhood, layout_loops_ring,
          shapermc_ecumenical_altar_mp_urbaneastern, hangedman_decor_points
D:2:      layout_rooms, serial_shops, nicolae_square_shop, basic_altar
D:3:      layout_basic, trog_butcher_becter, uniq_grinder
D:4:      layout_loops_corners, mainiacjoe_overflow_concentric_impassable,
          nemelex_spade_bored_becter, mainiacjoe_overflow_catch_the_wave,
          minmay_temple_entry_butterflies, uniq_menkaure
D:5:      layout_gridville, uniq_duvessa
D:6:      wad_river_or_something, layout_loops_ring, uniq_crazy_yiuf_cottage

Skill      XL: |  1  2  3  4  5  6  7  8  9 |
---------------+----------------------------+-----
Long Blades    | 4 5 6 |  6.1
Dodging        | 1 2 |  2.9
Spellcasting   | 2 3 4 5 |  5.3
Fire Magic     | 4 5 6 |  6.2
Fighting       | 4 |  4.5
Armour         | 1 2 3 |  3.6
Shields        | |  0.9

Action                   |  1- 3 |  4- 6 |  7- 9 || total
-------------------------+-------+-------+-------++-------
Melee: Falchion          |    69 |    47 |   132 ||   248
       Punch             |     1 |     1 |     2 ||     4
 Cast: Scorch            |     6 |    16 |    43 ||    65
Invok: Fiery Armour      |     3 |     3 |     6 ||    12
  Use: Scroll            |     1 |     2 |     4 ||     7
       Potion            |       |       |     1 ||     1
Armor: Robe              |    17 |    14 |       ||    31
       Scale mail        |       |     8 |    75 ||    83
Dodge: Dodged            |    53 |    15 |    55 ||   123
Block: Other             |       |       |    20 ||    20
       Reflection        |       |       |     1 ||     1

Table legend: (Time is in decaauts)
 A = Elapsed time spent in this place.
 B = Non-inter-level travel time spent in this place.
 C = Inter-level travel time spent in this place.
 D = Time resting spent in this place.
 E = Time spent auto-exploring this place.
 F = Levels seen in this place.
 G = Mean time per level.
                   A        B        C        D        E       F      G
               +--------+--------+--------+--------+--------+-----+--------+
         Total |   5634 |   5533 |    101 |    131 |   4541 |   6 |  939.0 |
       Dungeon |   5634 |   5533 |    101 |    131 |   4541 |   6 |  939.0 |
               +--------+--------+--------+--------+--------+-----+--------+

Top non-repeatable levels by time:
     D:4: 1473 daAuts
     D:3: 1213 daAuts
     D:5: 1154 daAuts
     D:1: 902 daAuts
     D:2: 575 daAuts
     D:6: 315 daAuts
